 Dungeon Crawl Stone Soup version 0.30-a0-474-g5673dd7ce6 (webtiles) character file.

Game seed: 6390112499727850549

2796 Bnni the Carver (level 9, 0/82 HPs)
             Began as a Yellow Draconian Gladiator on Dec 20, 2022.
             Was a Follower of Wu Jian.
             Slain by Grum
             ... wielding a +0 glaive
              (15 damage)
             ... on level 8 of the Dungeon.
             The game lasted 00:14:08 (7106 turns).

Bnni the Carver (Yellow Draconian Gladiator)        Turns: 7106, Time: 00:14:09

Health: 0/82       AC:  8    Str: 16    XL:     9   Next: 43%
Magic:  9/9        EV: 12    Int: 11    God:    Wu Jian [*.....]
Gold:   304        SH:  0    Dex: 15    Spells: 8/8 levels left

rFire   . . .      SeeInvis .    a - +0 long sword
rCold   . . .      Faith    .    (no shield)
rNeg    . . .      Spirit   .    (body armour unavailable)
rPois   .          Reflect  .    b - +0 hat
rElec   .          Harm     .    (no cloak)
rCorr   +          Rampage  .    (no gloves)
Will    .....                    n - +0 pair of boots
Stlth   +.........               (no amulet)
HPRegen 0.33/turn                e - ring of wizardry
MPRegen 0.11/turn                (no ring)

@: short of breath, hasted, very quick
A: spit acid, AC +7, unfitting armour, cold-blooded, acid resistance
a: Breathe Acid, Renounce Religion


You were on level 8 of the Dungeon.
You worshipped Wu Jian.
Wu Jian was aware of your devotion.
You visited 2 branches of the dungeon, and saw 9 of its levels.

You collected 304 gold pieces.

Inventory:

Hand Weapons
 a - a +0 long sword (weapon)
Missiles
 d - a javelin (quivered)
 y - 14 poisoned darts
Armour
 b - a +0 hat (worn)
 n - a +0 pair of boots (worn)
Jewellery
 e - a ring of wizardry (left hand)
Wands
 c - a wand of flame (27)
 l - a wand of polymorph (8)
 p - a wand of mindburst (21)
 q - a wand of iceblast (4)
Scrolls
 f - 2 scrolls of enchant armour {unknown}
 g - a scroll of immolation
 i - 4 scrolls of teleportation
 j - a scroll of torment {unknown}
 m - a scroll of enchant weapon {unknown}
 r - a scroll of fog {unknown}
 t - 2 scrolls of amnesia {unknown}
 u - a scroll of fear {unknown}
 v - 3 scrolls of noise {unknown}
 w - a scroll of acquirement {unknown}
 D - a scroll of brand weapon {unknown}
 E - a scroll of vulnerability {unknown}
Potions
 o - 5 potions of mutation
 s - a potion of magic {unknown}
 x - a potion of ambrosia {unknown}
 z - 4 potions of degeneration {unknown}
 A - a potion of might {unknown}
 B - a potion of lignification {unknown}
 C - a potion of curing {unknown}
 F - a potion of resistance {unknown}


   Skills:
 + Level 8.5 Fighting
 * Level 11.1 Long Blades
 - Level 1.7 Throwing
 - Level 2.6 Dodging


You had 8 spell levels left.
You didn't know any spells.
Your spell library contained the following spells:

 Spells                   Type           Power      Damage    Failure   Level
 Apportation              Tloc           0%         N/A       14%         1
 Necrotise                Necr           0%         1d4       14%         1
 Summon Small Mammal      Summ           0%         N/A       14%         1
 Cigotuvi's Dreadful Rot  Necr/Pois/Air  0%         N/A       21%         2
 Poisonous Vapours        Pois/Air       0%         N/A       21%         2
 Static Discharge         Conj/Air       0%         2-2/arc   21%         2
 Mephitic Cloud           Conj/Pois/Air  0%         N/A       38%         3
 Vhi's Electric Charge    Tloc/Air       0%         N/A       38%         3
 Alistair's Intoxication  Tmut/Pois      0%         N/A       98%         5
 Arcjolt                  Conj/Air       0%         1d10      98%         5
 Lightning Bolt           Conj/Air       0%         1d11      98%         5


Dungeon Overview and Level Annotations

Branches:
Dungeon (8/15)             Temple (1/1) D:4
   Lair: D:8-11

Altars:
Ashenzari
Cheibriados
Dithmenos
Fedhas
Gozag
Hepliaklqana
Kikubaaqudgha
Makhleb
Nemelex Xobeh
Okawaru
Qazlal
Ru
Sif Muna
Trog
Uskayaw
Vehumet
Wu Jian
Xom
Yredelemnul
The Shining One

Annotations:
D:8 Grum
Temple 2 transporters


Innate Abilities, Weirdness & Mutations

You can spit globs of acid.
Your golden yellow scales are hard. (AC +7)
You cannot fit into any form of body armour.
You are cold-blooded and may be slowed by cold attacks.
You are resistant to acid. (rCorr)


Message History

The wolf attacks as you move away! The wolf bites you!
* * * LOW HITPOINT WARNING * * *
The wolf attacks as you move away! The wolf bites you.
* * * LOW HITPOINT WARNING * * *
You slash the wolf!
The wolf is almost dead.
The wolf closely misses you.
You spin and attack the wolf.
You completely miss the wolf.
The wolf is almost dead.
The wolf bites you.
* * * LOW HITPOINT WARNING * * *
The wolf bites you.
* * * LOW HITPOINT WARNING * * *
Grum closely misses you.
You feel much better. The wolf barely misses you. The wolf bites you!
Grum hits you with a +0 glaive.
You slash Grum!
Grum is moderately wounded.
The wolf barely misses you. The wolf bites you. Grum hits you with a +0 glaive.
* * * LOW HITPOINT WARNING * * *
Unknown command.
You slash the wolf!
You kill the wolf!
The Council accepts your kill. The wolf misses you.
Your Long Blades skill increases to level 11!
Unknown command.
You slash the wolf!
You kill the wolf!
The Council accepts your kill. Grum misses you.
Unknown command.
You slash Grum!
Grum is severely wounded.
Grum hits you with a +0 glaive!
* * * LOW HITPOINT WARNING * * *
You barely miss Grum.
Grum is severely wounded.
Grum hits you with a +0 glaive!
You die...

### #.####
#####....##
#...#.....#
#..@g.....#
#...†.....#
#######...#
#...# #.<##
#'## #..
#$.. #...#


You could see Grum (fast).

Vanquished Creatures
  Pikel (D:5)
  The ghost of Olga the Grave Robber, a novice DsNe of Nemelex Xobeh (D:5)
  A wraith (D:5)
  Menkaure (D:5)
  Edmund (D:4)
  An ice beast (D:5)
  2 black bears (D:6)
  An ogre (D:5)
  3 wolves (D:8)
  2 phantoms
  Blork the orc (D:4)
  2 kobold brigands
  A necrophage (D:7)
  2 scorpions
  A hound (D:6)
  A gnoll bouda (D:7)
  A jelly (D:6)
  Jessica (D:2)
  An iguana (D:4)
  4 orc wizards
  5 gnolls (D:7)
  8 adders
  2 shadow imps
  A white imp (D:6)
  An ufetubus (D:3)
  2 worms
  3 dart slugs
  17 orcs
  8 endoplasms
  2 giant cockroaches
  5 goblins
  8 hobgoblins
  14 kobolds
  6 quokkas
  6 ball pythons
  5 bats
  5 frilled lizards
  7 rats
134 creatures vanquished.

Vanquished Creatures (others)
  3 plants (D:2)
3 creatures vanquished.

Grand Total: 137 creatures vanquished

Notes
Turn   | Place    | Note
-------+----------+-------------------------------------------
     0 | D:1      | Bnni the Draconian Gladiator began the quest for the Orb.
     0 | D:1      | Reached XP level 1. HP: 17/17 MP: 1/1
   400 | D:1      | Reached XP level 2. HP: 25/25 MP: 2/2
   919 | D:1      | Reached XP level 3. HP: 29/30 MP: 3/3
  1206 | D:1      | Reached skill level 4 in Long Blades
  1279 | D:2      | Noticed Jessica
  1464 | D:2      | Killed Jessica
  1465 | D:2      | Reached XP level 4. HP: 38/38 MP: 4/4
  1475 | D:2      | Found a faded altar of an unknown god.
  2306 | D:3      | Reached skill level 5 in Long Blades
  2438 | D:3      | Reached XP level 5. HP: 46/46 MP: 5/5
  3148 | D:4      | Noticed Blork the orc
  3165 | D:4      | Killed Blork the orc
  3166 | D:4      | Reached XP level 6. HP: 33/53 MP: 6/6
  3279 | D:4      | Reached skill level 6 in Long Blades
  3825 | D:4      | Noticed Edmund
  3859 | D:4      | Killed Edmund
  3860 | D:4      | Reached skill level 5 in Fighting
  3860 | D:4      | Your scales start taking on a golden yellow colour.
  3860 | D:4      | Reached XP level 7. HP: 23/61 MP: 7/7
  3860 | D:4      | Gained mutation: You are resistant to acid. (rCorr) [Yellow
                  | Draconian growth]
  3993 | D:4      | Found a staircase to the Ecumenical Temple.
  4008 | Temple   | Entered the Ecumenical Temple
  4008 | Temple   | Found a transporter.
  4008 | Temple   | Found a transporter.
  4010 | Temple   | Found a transporter.
  4010 | Temple   | Found a transporter.
  4038 | Temple   | Became a worshipper of the Wu Jian Council
  4241 | D:5      | Entered Level 5 of the Dungeon
  4431 | D:5      | Reached skill level 7 in Long Blades
  4483 | D:5      | Noticed Pikel
  4499 | D:5      | Killed Pikel
  4500 | D:5      | Reached skill level 8 in Long Blades
  4500 | D:5      | Reached XP level 8. HP: 31/70 MP: 8/8
  4662 | D:5      | Found a runed translucent gate.
  4663 | D:5      | Found a runed translucent gate.
  4664 | D:5      | Found a runed translucent gate.
  4665 | D:5      | Noticed Olga's ghost (novice DsNe)
  4872 | D:5      | Noticed Menkaure
  4878 | D:5      | Killed Menkaure
  5265 | D:5      | Reached skill level 9 in Long Blades
  5295 | D:5      | Killed Olga's ghost
  5463 | D:6      | Reached skill level 10 in Long Blades
  5674 | D:6      | Reached XP level 9. HP: 72/80 MP: 9/9
  5803 | D:6      | Reached * piety under Wu Jian
  5819 | D:6      | Found a shimmering blue altar of Sif Muna.
  7078 | D:8      | Noticed Grum
  7104 | D:8      | Reached skill level 11 in Long Blades
  7106 | D:8      | Slain by Grum

Illustrated notes

Levels and vault maps discovered:
D:1:      dpeg_arrival_lava_temple_mockup, layout_loops_corners, serial_glass,
          glass_columns_b, glass_columns_c
D:2:      layout_basic, shapermc_ecumenical_altar_mp_urbaneastern, uniq_jessica
D:3:      layout_loops_cross
D:4:      kennysheep_spiral_hall, layout_basic, minmay_temple_entry_wispy,
          uniq_blork_the_orc, uniq_edmund
D:5:      layout_basic, gammafunk_ghost_split, uniq_menkaure, uniq_pikel
D:6:      layout_loops_ring, lemuel_coloured_pillars_altar,
          minmay_curled_crystal
D:7:      layout_basic
D:8:      layout_gridville, zin_statuary, general_overflow_altar,
          gammafunk_ghost_arena, minmay_three_doors, uniq_psyche, uniq_maggie,
          uniq_grum, uniq_maurice
Temple:   hellmonk_temple_divided_pantheon

Skill      XL: |  1  2  3  4  5  6  7  8  9 |
---------------+----------------------------+-----
Long Blades    | 4 5 6 8 10 11 | 11.1
Fighting       | 3 4 5 6 7 8 |  8.5
Throwing       | |  1.7
Dodging        | |  2.6

Action                   |  1- 3 |  4- 6 |  7- 9 || total
-------------------------+-------+-------+-------++-------
Melee: Long sword        |   131 |   211 |   210 ||   552
       Tailslap          |    18 |    30 |    31 ||    79
       Unarmed           |       |    12 |       ||    12
       Punch             |       |       |     2 ||     2
Throw: Throwing net      |       |     4 |     1 ||     5
       Javelin           |       |     1 |       ||     1
Invok: Lunge             |       |       |    10 ||    10
       Whirlwind         |       |       |    36 ||    36
 Abil: Breathe Acid      |       |       |    14 ||    14
Evoke: Wand              |       |       |     3 ||     3
  Use: Scroll            |       |     5 |       ||     5
       Potion            |       |       |     5 ||     5
 Stab: Held in net/web   |       |     1 |       ||     1
Armor: Skin              |    43 |    64 |    79 ||   186
Dodge: Dodged            |   134 |   146 |   125 ||   405

Table legend: (Time is in decaauts)
 A = Elapsed time spent in this place.
 B = Non-inter-level travel time spent in this place.
 C = Inter-level travel time spent in this place.
 D = Time resting spent in this place.
 E = Time spent auto-exploring this place.
 F = Levels seen in this place.
 G = Mean time per level.
                   A        B        C        D        E       F      G
               +--------+--------+--------+--------+--------+-----+--------+
         Total |   7158 |   6915 |    243 |    625 |   5113 |   9 |  795.3 |
       Dungeon |   7113 |   6882 |    231 |    625 |   5113 |   8 |  889.1 |
        Temple |     44 |     32 |     12 |      0 |      0 |   1 |   44.0 |
               +--------+--------+--------+--------+--------+-----+--------+

Top non-repeatable levels by time:
     D:1: 1481 daAuts
     D:4: 1290 daAuts
     D:5: 1040 daAuts
     D:3: 954 daAuts
     D:6: 812 daAuts
     D:7: 797 daAuts
     D:2: 701 daAuts
  Temple: 44 daAuts
     D:8: 36 daAuts
